 Dungeon Crawl Stone Soup version 0.17.0 (webtiles) character file.

259 Eucla the Cudgeler (level 6, 0/67 HPs)
             Began as an Ogre Berserker on Nov 11, 2015.
             Was a Believer of Trog.
             Shot with a stone by a goblin (3 damage)
             ... on level 2 of the Dungeon.
             The game lasted 00:03:42 (2132 turns).

Eucla the Cudgeler (Ogre Berserker)                 Turns: 2132, Time: 00:03:42

Health: 0/67       AC:  3    Str: 23    XL:     6   Next: 17%
Magic:  6/6        EV: 11    Int:  6    God:    Trog [**....]
Gold:   107        SH:  0    Dex: 11    Spells: 0 memorised, 5 levels left

rFire  . . .     SeeInvis .     a - +0 mace
rCold  . . .     Clarity  .     b - +0 animal skin
rNeg   . . .     SustAt   .     (no shield)
rPois  .         Gourm    .     (helmet restricted)
rElec  .         Spirit   .     (no cloak)
rCorr  .         Warding  .     (gloves unavailable)
rMut   .         Stasis   .     (boots unavailable)
MR     .....                    (no amulet)
Stlth  +.........               (no ring)
                                (no ring)

@: not resistant to hostile enchantments, very unstealthy
A: unfitting armour, tough skin 1
a: Berserk, Trog's Hand, Burn Spellbooks, Renounce Religion


You were on level 2 of the Dungeon.
You worshipped Trog.
Trog was pleased with you.
You were not hungry.

You visited 1 branch of the dungeon, and saw 2 of its levels.

You collected 107 gold pieces.

Inventory:

Hand Weapons
 a - a +0 mace (weapon)
 q - a +4 mace
Armour
 b - a +0 animal skin (worn)
Jewellery
 g - an uncursed amulet of resist mutation {unknown}
Wands
 p - a wand of frost (26)
 u - a wand of digging (13)
Scrolls
 e - 2 scrolls of noise {unknown}
 h - 2 scrolls of identify {unknown}
 i - a scroll of fear {unknown}
 k - a scroll of teleportation {unknown}
 l - a scroll of remove curse {unknown}
 m - a scroll of magic mapping {unknown}
 o - a scroll of blinking {unknown}
 s - a scroll of enchant weapon {unknown}
Potions
 f - a potion of resistance
Comestibles
 c - a bread ration
 j - 2 slices of pizza
 n - 2 fruits
 t - 2 chunks of flesh


   Skills:
 + Level 5.7 Fighting
 * Level 6.6 Maces & Flails
 + Level 3.9 Dodging


You had 5 spell levels left.
You didn't know any spells.

Dungeon Overview and Level Annotations

Branches:
Dungeon (2/15)

Altars:


Innate Abilities, Weirdness & Mutations

You are too large for most types of armour.
You have tough skin (AC +1).


Message History

You start resting.
You feel sick. x2
You feel less woody.
Your +0 animal skin unmelds from your body.
You start resting.
You feel sick.
A goblin comes into view. It is wielding a dagger.
A goblin is nearby!
Unknown command.
You feel sick.
You are no longer poisoned.
The goblin shouts!
The goblin unwields an uncursed dagger.
The goblin wields a hunting sling.
The goblin shoots a stone.
The stone hits you but does no damage.
You see here a stone.
The goblin shoots a stone.
The stone hits you.
* * * LOW HITPOINT WARNING * * *
You see here a stone.
The goblin shoots a stone.
The stone hits you.
You die...

....#######.....#####....#
.#...##........<# #....#
.............#############
....##)..##### #.....#
##.......# ###.....#
##.##...#####(......#
#.#...g...).(#.....#
#.......g.####.....#
##....###.......@.####
...#..# ###...).###
####.## ##.##<# ####.#
#..##.## .....##
##.(##..####
##....####.(.#.......
#..#.....#.#...).....
..###.##...##.......<# .##
#...)...#....>...#


You could see a goblin.

Vanquished Creatures
  Sigmund (D:2)
  Terence (D:1)
  Robin (D:2)
  An adder (D:2)
  A gnoll (D:2)
  2 giant geckos
  3 ball pythons
  8 hobgoblins
  4 jackals (D:1)
  5 kobolds (D:1)
  4 bats (D:1)
  A giant cockroach (D:2)
  12 goblins
  6 rats (D:1)
50 creatures vanquished.

Notes
Turn   | Place    | Note
--------------------------------------------------------------
     0 | D:1      | Eucla the Ogre Berserker began the quest for the Orb.
     0 | D:1      | Reached XP level 1. HP: 24/24 MP: 1/1
    52 | D:1      | Reached XP level 2. HP: 13/33 MP: 2/2
   851 | D:1      | Reached XP level 3. HP: 32/40 MP: 3/3
   863 | D:1      | Reached ** piety under Trog
  1272 | D:2      | Noticed Terence
  1276 | D:2      | Noticed Robin
  1335 | D:1      | Killed Terence
  1335 | D:1      | Reached skill level 5 in Maces & Flails
  1335 | D:1      | Reached XP level 4. HP: 14/49 MP: 4/4
  1876 | D:2      | Killed Robin
  1876 | D:2      | Reached skill level 5 in Fighting
  2008 | D:2      | Noticed Sigmund
  2022 | D:2      | Killed Sigmund
  2022 | D:2      | Reached skill level 6 in Maces & Flails
  2022 | D:2      | Reached XP level 5. HP: 37/59 MP: 5/5
  2022 | D:2      | Reached XP level 6. HP: 42/67 MP: 6/6
  2087 | D:2      | HP: 2/67 [poisoned by a gnoll]
  2128 | D:2      | HP: 2/67 [goblin/stone (2)]
  2132 | D:2      | Shot with a stone by a goblin

Action                   |  1- 3 |  4- 6 || total
-------------------------+-------+-------++-------
Melee: Mace              |   105 |    52 ||   157
Invok: Berserk           |     1 |     2 ||     3
       Trog's Hand       |       |     2 ||     2
  Use: Potion            |       |     2 ||     2
  Eat: Chunk             |     1 |     6 ||     7
